Cogmind - Beta 13 @@@ ROGUE MODE // 2024.06.12 @ 22:11:12 Player: Comet Result: Self-destructed Performance ------------- Evolutions (4) 2000 Regions Visited (7) 1400 Robots Destroyed (111) 555 Value Destroyed (3461) 3461 Prototype IDs (3) 60 Alien Tech Used (1) 200 Bonus (24) 24 TOTAL SCORE: 7700 Bonus ------- High Alert Combat Kills 24 Cogmind --------- Core Integrity 773/850 Matter 300/300 Energy 50/150 System Corruption 0% Temperature Cool (0) Movement Treading (160) Location -6/Factory Parts ------- > --- POWER (1) -------- Light Angular Momentum Engine > --- PROPULSION (4) --- Improved Treads Medium Treads Medium Treads > --- UTILITY (8) ------ Cooling System Cooling System High-capacity Storage Unit Sensor Array Improved Signal Interpreter Improved Terrain Scanner Improved Terrain Scan Processor Insulated Plating > --- WEAPON (3) ------- Heavy Particle Gun Plasma Cannon (fused) Phase Cannon > --- INVENTORY (20) --- Enhanced Nuclear Core Enhanced Nuclear Core Medium Treads Improved Heat Sink Huge Storage Unit High-capacity Battery (250) High-capacity Matter Pod (200) Particle Charger Improved Light Armor Plating Insulated Plating Hardlight Generator Hacking Suite Hacking Suite Drone Bay (2/2) Beamcaster Beamcaster Proton Cannon Missile Launcher Mace Peak State ------------ > --- POWER ------------ Enhanced Nuclear Core > --- PROPULSION ------- Light Treads Improved Treads Medium Treads Medium Treads > --- UTILITY ---------- Cooling System Disposable Heat Sink High-capacity Storage Unit Sensor Array Improved Signal Interpreter Improved Terrain Scanner Improved Terrain Scan Processor Insulated Plating > --- WEAPON ----------- Heavy Particle Gun Plasma Cannon Phase Cannon > --- INVENTORY -------- Enhanced Nuclear Core Enhanced Nuclear Core Neutrino Core Medium Treads Improved Heat Sink Cooling System Huge Storage Unit High-capacity Battery High-capacity Matter Pod Particle Charger Improved Light Armor Plating Insulated Plating Hardlight Generator Hacking Suite Hacking Suite Drone Bay Beamcaster Beamcaster Missile Launcher Mace [Rating: 53] Favorites ----------- Power Enhanced Nuclear Core Engine Light Ion Engine Power Core Enhanced Nuclear Core Propulsion Improved Treads Treads Improved Treads Leg Aluminum Leg Wheel Compact Wheel Utility Improved Terrain Scanner Device Improved Terrain Scanner Storage High-capacity Storage Unit Processor Improved Signal Interpreter Protection Improved Medium Armor Plating Weapon Heavy Particle Gun Energy Gun Heavy Particle Gun Energy Cannon Plasma Cannon Ballistic Gun Enhanced Autogun Ballistic Cannon Gauss Cannon Launcher Missile Launcher Impact Weapon Mace Slashing Weapon Axe Build | -11 -10 -9 -8 -7 -7 -7 -6 ------- Run | Yrd Mat Mat Mat Fac Low Low Fac Slots Evolved 8 | . . 2 2 2 . . 2 Power . | . . . . . . . . Propulsion 2 | . . . 1 1 . . . Utility 5 | . . 1 1 1 . . 2 Weapon 1 | . . 1 . . . . . Parts Attached 109 | 8 23 10 15 24 18 6 5 Power 6 | 1 2 1 . 1 . . 1 Engine 4 | 1 2 . . . . . 1 Core 2 | . . 1 . 1 . . . Reactor . | . . . . . . . . Propulsion 30 | 3 14 . 3 3 5 2 . Treads 19 | 1 7 . 3 2 4 2 . Leg 3 | . 3 . . . . . . Wheel 8 | 2 4 . . 1 1 . . Hover . | . . . . . . . . Flight . | . . . . . . . . Utility 30 | 2 5 3 5 7 5 . 3 Device 14 | 1 1 2 2 4 2 . 2 Storage 6 | 1 2 . 2 1 . . . Processor 3 | . . . . 1 1 . 1 Hackware . | . . . . . . . . Protection 7 | . 2 1 1 1 2 . . Artifact . | . . . . . . . . Weapon 43 | 2 2 6 7 13 8 4 1 Energy Gun 12 | . . 4 3 1 2 2 . Energy Cannon 4 | . . . . 1 2 . 1 Ballistic Gun 11 | 2 2 1 3 3 . . . Ballistic Cannon 4 | . . . . 3 . 1 . Launcher 6 | . . . 1 1 3 1 . Special Weapon . | . . . . . . . . Impact Weapon 5 | . . . . 4 1 . . Slashing Weapon 1 | . . 1 . . . . . Piercing Weapon . | . . . . . . . . Special Melee Weapon . | . . . . . . . . Unidentified Prototypes 4 | . . . 2 1 1 . . Parts Lost 6 | . . . . 1 4 . 1 Power . | . . . . . . . . Propulsion 5 | . . . . 1 3 . 1 Utility 1 | . . . . . 1 . . Weapon . | . . . . . . . . Highest Loss Streak 1 | . . . . 1 1 . 1 To Critical Strikes . | . . . . . . . . Average Slot Usage (%) 99 | . 99 99 100 99 99 99 99 Engine 2 | . 14 . . . . . 2 Core 6 | . . 10 9 6 7 7 3 Treads 24 | . 7 22 27 29 28 27 24 Wheel 2 | . 14 . . . . . . Device 15 | . 1 11 18 16 20 21 24 Storage 8 | . 14 11 9 7 7 7 6 Processor 3 | . . . . 5 4 7 12 Protection 8 | . 11 11 9 7 6 7 6 Energy Gun 9 | . . 13 18 11 6 6 6 Energy Cannon 3 | . . . . 2 6 7 9 Ballistic Gun 9 | . 28 17 8 5 7 . . Ballistic Cannon 1 | . . . . . . 6 2 Naked Turns . | . . . . . . . . Heaviest Build 76 | 13 34 38 40 75 75 74 76 Greatest Support 99 | 26 46 46 69 89 99 99 99 Greatest Overweight (x) 4 | . 1 . . 4 4 . . Average Overweight (x) . | . . . . . . . . Largest Inventory Capacity 25 | 8 15 15 25 20 20 20 20 Average Capacity 17 | 6 12 15 15 19 20 20 20 Most Carried 20 | 5 15 15 15 20 20 20 20 Average Carried 16 | 3 11 14 14 17 19 19 19 Final Capacity 20 | 8 15 15 15 20 20 20 20 Final Carried 20 | 5 15 15 15 20 20 20 19 Class Distribution -------------------- 32% | Tank 31% | Scavenger-Skirmisher 17% | Mutant 16% | Gunner Dominant Class ---------------- Mutant | -10/Materials Tank | -9/Materials Tank | -8/Materials Gunner | -7/Factory Scavenger-Skirmisher | -7/Lower Caves Scavenger-Skirmisher | -7/Lower Caves Scavenger-Skirmisher | -6/Factory Resources | -11 -10 -9 -8 -7 -7 -7 -6 ----------- Run | Yrd Mat Mat Mat Fac Low Low Fac Matter Collected 3214 | 292 721 396 528 571 390 248 68 Remotely . | . . . . . . . . Salvage Created 4698 | 79 842 246 951 1529 485 160 406 Parts 213 | 5 51 17 49 55 22 2 12 Haulers Intercepted 6 | . 2 1 2 1 . . . Recyclers Shooed 5 | . . 1 . 4 . . . Parts Field Recycled . | . . . . . . . . Retrieved Matter . | . . . . . . . . Parts Self-Destructed 17 | . . . . . 9 8 . Prevented 1 | . . . . . 1 . . Kills | -11 -10 -9 -8 -7 -7 -7 -6 ------- Run | Yrd Mat Mat Mat Fac Low Low Fac Combat Hostiles Destroyed 73 | . 12 2 14 21 12 6 6 Guns 46 | . 12 2 12 13 3 3 1 Cannons 11 | . . . . 3 3 2 3 AOE 12 | . . . 2 3 6 1 . Classes Destroyed 14 | 2 5 1 4 1 1 . . Worker 6 | . 3 . 1 2 . . . Tunneler 2 | 1 1 . . . . . . Hauler 6 | . 2 1 2 1 . . . Recycler 13 | 1 1 1 3 7 . . . Operator 5 | . 1 1 1 . . . 2 Watcher 6 | . 2 . 4 . . . . Swarmer 13 | . . . 2 3 8 . . Grunt 43 | . 12 . 4 14 3 4 6 Brawler 3 | . . . 1 1 . 1 . Duelist 2 | . . . 1 . . 1 . Sentry 7 | . . 2 5 . . . . Hunter 2 | . . . 1 1 . . . Programmer 3 | . . . . 2 1 . . Samaritan 3 | . . . . . 3 . . Best Kill Streak 5 | 1 4 1 3 5 4 3 3 Combat Bots Only 4 | . 3 1 3 3 4 3 3 Max Kills in Single Turn 3 | 1 1 1 2 2 3 1 1 Gunslinging . | . . . . . . . . Exploded 3 | . . . 1 1 3 1 . Melee . | . . . . . . . . Uniques/NPCs Destroyed . | . . . . . . . . Combat | -11 -10 -9 -8 -7 -7 -7 -6 -------- Run | Yrd Mat Mat Mat Fac Low Low Fac Hostile Shots Fired 235 | . 32 11 54 63 38 14 23 Missed 57 | . 9 4 13 11 10 5 5 Damage Taken 2961 | . 275 106 735 793 573 137 342 Core 383 | . 48 . 168 57 33 . 77 Absorbed by Shields . | . . . . . . . . Core Remaining (%) 87 | 100 80 100 69 . . 87 . Volleys Fired 278 | 10 66 11 53 70 35 16 17 Largest 3 | 2 2 3 3 3 3 3 3 Hottest 220 | 40 46 149 153 160 160 203 220 Shots Fired 659 | 14 131 33 149 164 82 35 51 Gun 507 | 14 131 33 146 107 49 10 17 Cannon 130 | . . . . 53 25 18 34 Launcher 22 | . . . 3 4 8 7 . Special . | . . . . . . . . Kinetic 317 | 14 131 19 50 66 25 9 3 Thermal 320 | . . 14 96 94 49 19 48 Explosive 12 | . . . . . 5 7 . Electromagnetic 10 | . . . 3 4 3 . . Robot Hit Streak 18 | 4 16 14 18 14 12 7 10 Robot Miss Streak 4 | 1 4 4 4 3 3 1 2 Penetration Max . | . . . . . . . . Secondary Targets 2 | . . . 2 . . . . Max Gunslinging Chain 1 | . . . 1 . . . . Shots Hit Robots 420 | 9 83 23 109 111 35 14 36 Core Hits 228 | 3 35 8 74 57 25 10 16 Critical Kills 4 | . 1 . . 2 . . 1 Critical Parts Destroyed 1 | . 1 . . . . . . Critical Strikes 13 | . 2 1 2 5 2 . 1 Burn 7 | . . 1 2 2 2 . . Meltdown 3 | . . . . 2 . . 1 Destroy 2 | . 2 . . . . . . Blast 1 | . . . . 1 . . . Melee Attacks 14 | . . . . 12 2 . . Impact 14 | . . . . 12 2 . . Slashing . | . . . . . . . . Piercing . | . . . . . . . . Sneak Attacks . | . . . . . . . . Combat Hostiles . | . . . . . . . . Follow-up Attacks . | . . . . . . . . Damage Inflicted 8754 | 109 1090 359 1900 2546 1204 667 879 Guns 5511 | 109 1086 359 1799 1394 403 79 282 Cannons 1990 | . . . . 926 289 178 597 Explosions 1222 | . . . 101 199 512 410 . Melee 27 | . . . . 27 . . . Ramming 4 | . 4 . . . . . . Kinetic 3001 | 109 1086 198 514 856 156 54 28 Thermal 4624 | . . 161 1323 1464 622 203 851 Explosive 767 | . . . . . 357 410 . Electromagnetic 331 | . . . 63 199 69 . . Impact 27 | . . . . 27 . . . Slashing . | . . . . . . . . Piercing . | . . . . . . . . Highest Corruption 4 | . 3 . . 2 4 4 . Average Corruption 3 | . 2 . . 1 3 4 . Corruption Purged . | . . . . . . . . Corruption Blocked . | . . . . . . . . Effects 88 | . 16 . . 7 39 26 . Message Errors 18 | . 4 . . 2 8 4 . Matter Fused 18 | . 4 . . 4 6 4 . Heat Flow Errors 11 | . . . . . 6 5 . Energy Discharges 9 | . 1 . . 1 6 1 . Parts Rejected 1 | . . . . . . 1 . Parts Fused 1 | . . . . . . 1 . Data Loss (minor) 16 | . 4 . . . 6 6 . Data Loss (major) 6 | . 1 . . . 3 2 . Misfires 2 | . . . . . 1 1 . Alerts 3 | . 1 . . . 1 1 . Weapon Failures 3 | . 1 . . . 2 . . Overload Shots . | . . . . . . . . Overflow Damage 78 | . . . . 28 41 9 . Projectiles 53 | . . . . 23 30 . . Explosions 25 | . . . . 5 11 9 . Melee . | . . . . . . . . Knockbacks 4 | . . . . 3 . 1 . Impact . | . . . . . . . . Kinetic 4 | . . . . 3 . 1 . Secondary . | . . . . . . . . Self-Inflicted Damage 199 | . . . 65 . 134 . . Shots 10 | . . . 4 . 6 . . Rammed . | . . . . . . . . Targets Rammed 2 | . 2 . . . . . . Kicked 2 | . 2 . . . . . . Crushed . | . . . . . . . . Highest Temperature 340 | . 30 213 336 340 234 249 272 Average Temperature 89 | . 9 70 115 96 74 71 93 Received Heat Transfer 1011 | . 156 36 171 351 54 81 162 Effects 5 | . . . 4 . . . 1 Shutdowns 1 | . . . 1 . . . . Energy Bleed 2 | . . . 1 . . . 1 Interference 2 | . . . 2 . . . . Siege Activations . | . . . . . . . . Robots Corrupted . | . . . . . . . . Combat Hostiles . | . . . . . . . . Parts Fried 1 | . . . . 1 . . . Impact Corruptions . | . . . . . . . . Robots Melted 4 | . . . . 2 . . 2 Combat Hostiles 4 | . . . . 2 . . 2 Parts Melted 23 | . . 2 6 6 2 . 7 Heat Transferred 8916 | . . 481 2484 2912 1229 398 1412 Parts Sabotaged . | . . . . . . . . Parts Stolen . | . . . . . . . . Parts Stripped . | . . . . . . . . Power Chain Reactions 5 | . . . 2 . 3 . . Alert | -11 -10 -9 -8 -7 -7 -7 -6 ------- Run | Yrd Mat Mat Mat Fac Low Low Fac Peak Influence 480 | 10 305 150 287 480 . . 150 Initial 89 | . 6 89 32 79 . . 28 Average 127 | 4 160 75 114 154 . . 83 Maximum Alert Level 2 | . 1 . 1 2 . . . Low Security (%) 82 | 100 73 100 88 72 . . 100 Level 1 14 | . 26 . 11 20 . . . Level 2 2 | . . . . 6 . . . Level 3 . | . . . . . . . . Level 4 . | . . . . . . . . Level 5 . | . . . . . . . . High Security . | . . . . . . . . Max Security . | . . . . . . . . Squads Dispatched 18 | . 4 . 6 7 . . 1 Investigation 4 | . 2 . . 2 . . . Extermination 2 | . . . . 2 . . . Reinforcement 6 | . 2 . . 3 . . 1 Assault . | . . . . . . . . Garrison 6 | . . . 6 . . . . Intercept . | . . . . . . . . Searches Triggered . | . . . . . . . . Construction Impeded 1 | . . . . 1 . . . Haulers Reinforced . | . . . . . . . . Active Scanning Responses . | . . . . . . . . Cargo Convoy Interrupts . | . . . . . . . . Stealth | -11 -10 -9 -8 -7 -7 -7 -6 --------- Run | Yrd Mat Mat Mat Fac Low Low Fac Distress Signals 4 | . 2 2 . . . . . Communications Jammed . | . . . . . . . . Distress Signals . | . . . . . . . . Times Spotted 122 | . 31 6 24 32 14 6 9 Peak Tracking Total 4 | . 3 3 3 4 4 3 4 Tactical Retreats 8 | . 2 . 1 3 1 1 . Traps | -11 -10 -9 -8 -7 -7 -7 -6 ------- Run | Yrd Mat Mat Mat Fac Low Low Fac Traps Triggered 4 | . 3 . . 1 . . . Indirectly . | . . . . . . . . Trap Hack Attempts . | . . . . . . . . Triggered . | . . . . . . . . Disarmed 4 | . . 4 . . . . . Reprogrammed . | . . . . . . . . Reused . | . . . . . . . . Traps Extracted . | . . . . . . . . Installed . | . . . . . . . . Triggered . | . . . . . . . . Machines | -11 -10 -9 -8 -7 -7 -7 -6 ---------- Run | Yrd Mat Mat Mat Fac Low Low Fac Machines Disabled 4 | . 1 . 1 2 . . . Max in Single Turn 1 | . 1 . 1 1 . . . Machines Repaired . | . . . . . . . . Machines Dismantled . | . . . . . . . . Machines Sabotaged . | . . . . . . . . Overloaded Fab Kills . | . . . . . . . . Hacking | -11 -10 -9 -8 -7 -7 -7 -6 --------- Run | Yrd Mat Mat Mat Fac Low Low Fac Machines Accessed 19 | . 4 5 3 4 . . 3 Terminals 16 | . 4 5 2 2 . . 3 Fabricators 1 | . . . . 1 . . . Repair Stations . | . . . . . . . . Recycling Units 1 | . . . . 1 . . . Scanalyzers . | . . . . . . . . Garrison Access 1 | . . . 1 . . . . Total Hacks 39 | . 12 10 6 6 . . 5 Successful 17 | . 4 4 2 4 . . 3 Failed 20 | . 7 5 4 2 . . 2 Catastrophic 7 | . 2 2 1 1 . . 1 Database Lockouts 2 | . 1 1 . . . . . Manual 30 | . 12 9 3 2 . . 4 Terminals 33 | . 12 10 4 2 . . 5 Fabricators 2 | . . . . 2 . . . Repair Stations . | . . . . . . . . Recycling Units 2 | . . . . 2 . . . Scanalyzers . | . . . . . . . . Garrison Access 2 | . . . 2 . . . . Terminal Hacks 13 | . 4 4 1 1 . . 3 Record 2 | . . 1 1 . . . . Part Schematic 5 | . 4 1 . . . . . Branch Access Points 3 | . . 1 . 1 . . 1 Terminal Index 1 | . . . . . . . 1 Alert Level 1 | . . . . . . . 1 Disarm Traps 1 | . . 1 . . . . . Fabricator Hacks 2 | . . . . 2 . . . Load Schematic 1 | . . . . 1 . . . Build 1 | . . . . 1 . . . Repair Station Hacks . | . . . . . . . . Recycling Unit Hacks 1 | . . . . 1 . . . Retrieve Components 1 | . . . . 1 . . . Scanalyzer . | . . . . . . . . Garrison Access Hacks . | . . . . . . . . Unauthorized Hacks 1 | . . . 1 . . . . Terminals 1 | . . . 1 . . . . Track 1 | . . . 1 . . . . Fabricators . | . . . . . . . . Repair Stations . | . . . . . . . . Recycling Units . | . . . . . . . . Scanalyzers . | . . . . . . . . Garrison Access . | . . . . . . . . Data Cores Recovered 4 | . 1 1 1 . . . 1 Used . | . . . . . . . . Hacking Detections 15 | . 3 5 3 3 . . 1 Full Trace Events 2 | . 1 . . 1 . . . Feedback Events . | . . . . . . . . Feedback Blocked . | . . . . . . . . Robot Schematics Acquired . | . . . . . . . . Robots Built . | . . . . . . . . Authchips . | . . . . . . . . Time . | . . . . . . . . Total Robot Build Rating . | . . . . . . . . Part Schematics Acquired 5 | . 4 1 . . . . . Parts Built 1 | . . . . 1 . . . Authchips . | . . . . . . . . Time 25 | . . . . 25 . . . Total Part Build Rating 1 | . . . . 1 . . . Parts Repaired . | . . . . . . . . Time . | . . . . . . . . Parts Recycled . | . . . . . . . . Recycled Matter . | . . . . . . . . Retrieved Matter . | . . . . . . . . Retrieved Components 10 | . . . . 10 . . . Parts Scanalyzed . | . . . . . . . . Part Schematics Acquired . | . . . . . . . . Parts Damaged . | . . . . . . . . Bothacking | -11 -10 -9 -8 -7 -7 -7 -6 ------------ Run | Yrd Mat Mat Mat Fac Low Low Fac Used RIF Installer . | . . . . . . . . Robots Hacked . | . . . . . . . . Non-combat . | . . . . . . . . Combat . | . . . . . . . . Robot Hacks Applied . | . . . . . . . . Relay Couplers Released . | . . . . . . . . Fabnet Peak Effective % . | . . . . . . . . Robots Rewired . | . . . . . . . . Allies Hacked . | . . . . . . . . Hacks Repelled . | . . . . . . . . Allies | -11 -10 -9 -8 -7 -7 -7 -6 -------- Run | Yrd Mat Mat Mat Fac Low Low Fac Total Allies . | . . . . . . . . Largest Group . | . . . . . . . . Highest-Rated Group . | . . . . . . . . Highest-Rated Ally . | . . . . . . . . Total Orders . | . . . . . . . . Ally Attacks . | . . . . . . . . Total Damage . | . . . . . . . . Kills . | . . . . . . . . Allies Corrupted . | . . . . . . . . Allies Melted . | . . . . . . . . Intel | -11 -10 -9 -8 -7 -7 -7 -6 ------- Run | Yrd Mat Mat Mat Fac Low Low Fac Robot Analysis Total . | . . . . . . . . Derelict Logs Recovered 3 | . . . . . 2 1 . Drone Launches . | . . . . . . . . Drone Recoveries . | . . . . . . . . Exploration | -11 -10 -9 -8 -7 -7 -7 -6 ------------- Run | Yrd Mat Mat Mat Fac Low Low Fac Turns Passed 8270 | 89 1179 707 1355 1759 1531 1184 466 Spaces Moved 4352 | 56 687 363 644 851 841 693 217 Core 10 | 10 . . . . . . . Treads 3696 | 2 150 363 644 834 793 693 217 Legs 112 | . 112 . . . . . . Wheels 534 | 44 425 . . 17 48 . . Hover . | . . . . . . . . Flight . | . . . . . . . . Fastest Speed 50 | 50 90 160 160 160 160 160 160 Average Speed 153 | 87 115 160 162 162 162 160 160 Slowest Speed 240 | 160 240 160 163 240 240 160 160 Overloaded Moves . | . . . . . . . . Propulsion Burnouts . | . . . . . . . . Robots Hopped . | . . . . . . . . Cave-ins Triggered . | . . . . . . . . Exploration Rate (%) 39 | 3 83 24 39 24 72 68 6 Regions Visited 7 Branch Regions 2 Pre-discovered Areas 1 | . . . . . 1 . . Known Exits Taken 3 | . . . . 1 1 1 . Unknown Exits Taken 4 | 1 1 1 1 . . . . Scrap Searched 6 | . . . . . 3 3 . Spaces Dug 11 | . . . . 8 1 2 . Terrain Destroyed 114 | . . . 6 10 27 66 5 Melee 9 | . . . . 8 1 . . Projectile 19 | . . . . 2 1 11 5 AOE 86 | . . . 6 . 25 55 . Terrain Rammed . | . . . . . . . . Walls Destroyed . | . . . . . . . . Machines Disabled . | . . . . . . . . Actions | -11 -10 -9 -8 -7 -7 -7 -6 --------- Run | Yrd Mat Mat Mat Fac Low Low Fac Total 5446 | 78 955 474 868 1090 942 739 300 Wait 537 | . 133 69 105 122 36 21 51 Move 4345 | 55 686 362 643 850 840 692 217 Hop . | . . . . . . . . Pick Up 74 | 4 19 8 27 5 5 1 5 Fast Attach 34 | 8 3 6 5 5 4 2 1 Attach 13 | . 1 1 3 2 3 . 3 Detach 10 | 1 4 . 1 4 . . . Swap 63 | . 19 3 7 17 12 4 1 Drop 76 | . 22 14 24 3 5 3 5 Fire 278 | 10 66 11 53 70 35 16 17 Melee 14 | . . . . 12 2 . . Ram . | . . . . . . . . Kick 2 | . 2 . . . . . . Crush . | . . . . . . . . Escape Stasis . | . . . . . . . . Rewire . | . . . . . . . . Trap . | . . . . . . . . Miscellaneous . | . . . . . . . . Route ------- -11/Scrapyard -10/Materials (discovered 4 exits: *Mat x2 / [*Min x2]) -9/Materials (discovered 4 exits: *Mat / Min / *Sto x2) -8/Materials -7/Factory (discovered 2 exits: *Low x2) -7/Lower Caves -7/Lower Caves -6/Factory (discovered 4 exits: Low x2 / Ext x2) History --------- Turn | Location | Event 2 | -11/Scrapyard | Met Revision 17 4 | -11/Scrapyard | Discovered new exit (range 14) 90 | -11/Scrapyard | Entered Materials 90 | -10/Materials | Discovered new exit (range 8) 325 | -10/Materials | Build established: Mutant 703 | -10/Materials | Discovered new exit (range 14) 964 | -10/Materials | Discovered new exit (range 8) 1029 | -10/Materials | Central database locked down 1225 | -10/Materials | Discovered new exit (range 16) 1269 | -10/Materials | Entered another Materials area 1269 | -9/Materials | Evolved 2 slots: Utility x1, Weapon x1 1344 | -9/Materials | Identified exit to Mines 1344 | -9/Materials | Identified exit to Storage 1428 | -9/Materials | Central database locked down 1641 | -9/Materials | Build established: Tank 1914 | -9/Materials | Discovered new exit (range 13) 1976 | -9/Materials | Entered another Materials area 1976 | -8/Materials | Evolved 2 slots: Propulsion x1, Utility x1 2679 | -8/Materials | Garrison activated, responded to threat 3024 | -8/Materials | Garrison activated, responded to threat 3159 | -8/Materials | Discovered new exit (range 5) 3331 | -8/Materials | Entered Factory 3331 | -7/Factory | Evolved 2 slots: Propulsion x1, Utility x1 3389 | -7/Factory | Fabricated Hcp. Storage Unit? 3804 | -7/Factory | Build established: Gunner 4241 | -7/Factory | Identified exit to Lower Caves 5090 | -7/Factory | Entered Lower Caves 5221 | -7/Lower Caves | Build established: Tank 5234 | -7/Lower Caves | Identified exit to Lower Caves 5877 | -7/Lower Caves | Found Alien Artifact 5877 | -7/Lower Caves | Identified Core Expander 5877 | -7/Lower Caves | Installed Core Expander, added new Utility slot 6042 | -7/Lower Caves | Encountered a Warlord checkpoint 6183 | -7/Lower Caves | Build established: Scavenger-Skirmisher 6621 | -7/Lower Caves | Entered another Lower Caves area 6699 | -7/Lower Caves | Discovered new exit (range 6) 6707 | -7/Lower Caves | Identified exit to Factory 7070 | -7/Lower Caves | Learned 4 Factory zone layouts 7805 | -7/Lower Caves | Entered Factory 7805 | -6/Factory | Evolved 2 slots: Utility x2 7945 | -6/Factory | Identified exit to Lower Caves 7945 | -6/Factory | Identified exit to Extension 8271 | -6/Factory | Self-destructed Last Messages --------------- >>Index(Terminals) Found 28 terminals. Downloaded coordinate data. 08125_ U-05 Engineer builds a Wall. 08162_ Connecting with Repair Station... 08183_ Dropped Neutrino Core. 08183_ Acquired Proton Cannon. 08216_ G-67 Veteran suffers critical hit (Meltdown). 08216_ Field Laser melted. 08216_ Adv. Heat Sink melted. 08216_ Lgt. Antimatter Reactor melted. 08216_ Flexi-carbon Leg melted. 08221_ U-05 Engineer builds a Wall. 08228_ Disposable Heat Sink melts away. 08230_ Overheating: Energy bleed (-3). 08230_ G-50 Soldier critical meltdown. 08231_ Acquired 10 matter. 08267_ Lgt. Angular Momentum Engine melted. 08267_ G-50 Soldier destroyed. 08269_ Lgt. Treads destroyed. Map ----- +----------------------------------------------------+ | ?????????????????????????????????????????????????? | | ?????????????????????????????????????????????????? | | ?????????????????????????????????????????????????? | | ?????????????????????????????????????????????????? | | ?????????????????????????????????????????????????? | | ?????????????????????????????????????????????????? | | ?????????????????????????????????????????????????? | | ?????????????????????????????????????????????????? | | ?????????????????????????????????????????????????? | | ?? ??????????????????????????????????????????????? | | ????????????????????? ? ??##??#????#?????????????? | | ????????????????? ? ?? ?#?## ???????????????????? | | ????????????????#?"?? ???##?# #??????#???????????? | | ?????? ??# ??#?"?"??????#? ##?????????????????? | | ? ? ??# #"""" ??###?# #?###?#????????????? | | ????? ? # #???"? ?###?? #??#?##????????????? | | ""?"?? ??# #"?"? ? #?### ##?#??#????????????? | | "??" ? ?# #?"""? ##### #?? ?? ?? ?????????? | | ########### #""""?? ##### #??"????"?"????????? | | # *# # ? ? #?#?? #?"??????""????????? | | # # R ###+######### # ?"" ???""????????? | | # """ # #???? ? ? ???????? | | # """ "" # # ?"" ???? ?????? | | # """ """ # + ""? ? ????????? | | # R" # m #?"?? ? ?????????? | | # """ # @% +??? ??? ? ???????? | | # # ###g#### ??" ??" ?????????? | | #####+##### # %[! ## "???""? ?????????? | | # "" ## "?" ?"???????????? | | # """##???? ????????? | | """"""""" * ] # R"##?##?###??#????????? | | ]! # """##?#?##?#?#?????????? | | """"""""" # ##?#??##??#?????????? | | # !###????###??????????? | | """"""""" """"""""" # ###?##??#??#????????? | | # !! #??#???##?#?????????? | | """"""""" """"""""" # !! #????????##?????????? | | + ! #?####????#?????????? | | ! # # ? ? ?????????????? | | #######? ? ? ? ??????????? | | #############+#+###? ##?#?##???? ??????????????? | | # ? ? ? #???#??#?#????? ?????????????? | | """ # ?? ? ? ?? ? ????? ?+???????????????????? | | "T" #?? ? ? ? ????????????????????????????????? | | # "?" "?????????? ???#?????????????????????? | | #?"""?"?"?????? ??#????????????????????????? | | "" #???? ?????????????????????????????????????? | | "" # ?? ???? ????????????????????????????????? | | """ # ??? ""???????????????????????????????????? | | """ #???? ?""??????????????????????????????????? | +----------------------------------------------------+ Best States ------------- Heat Dissipation 81 Coolant Potential 50 Energy Generation 18 Energy Capacity 300 Matter Stores 300 Matter Capacity 300 Sight Range 16 Robot Scan Range 14 Terrain Scan Range 16 Terrain Scan Density 110 Armor Coverage 225 Resistance: EM 15 Evasion (%) 55 Targeting Accuracy 8 Recoil Reduction 4 Item Schematics ----------------- Lrg. Storage Unit | -10/Materials | Hacked Hcp. Storage Unit | -10/Materials | Hacked Huge Storage Unit | -10/Materials | Hacked Hcp. Matter Pod | -10/Materials | Hacked Cooling System | -9/Materials | Hacked Robot Schematics ------------------ None Fabricated ------------ Hcp. Storage Unit | x1 | -7/Factory Alien Tech Used ----------------- Core Expander Achievements -------------- None Challenges ------------ None Game ------ Seed MasterHellfireHammer Manual? 0 Play Time 01:15:02 Cumulative 50.0 hours Start 2024.06.09 @ 16:13:48 End 2024.06.12 @ 22:11:12 Sessions 3 Manual Loads 0 Difficulty Rogue Special Mode None Game No. 22 Rogue 22 Adventurer 0 Explorer 0 Win Type - Total 1 Types 1/0/0/0/0/0/0/0/0 Lore% 28 Gallery% 45 Achievement% 38 Wizard Run 0 Options --------- Layout 0 ASCII 0 Keyboard 1 Movement Numpad Keybinds 0 Fullscreen 1 Font 18/SmallcapsGlow Map View 76x50 Zoom Use 0% Tactical HUD 1 Map Filters NONE Filters NONE Steam 1 RUN: 7ae9a05b-4bd5-4a32-ad33-21d877997040